 Dungeon Crawl Stone Soup version 0.17-a0-854-g4a4ba72 (console) character file.

125 sose the Changer (level 4, 0/35 HPs)
             Began as a Draconian Transmuter on Apr 28, 2015.
             Slain by a scorpion (2 damage)
             ... on level 4 of the Dungeon.
             The game lasted 00:06:50 (3044 turns).

sose the Changer (Draconian Transmuter)             Turns: 3044, Time: 00:06:51

Health: 0/35       AC:  5    Str: 17    XL:     4   Next: 82%
Magic:  1/7        EV: 12    Int: 15    God:
Gold:   140        SH:  0    Dex: 13    Spells: 3 memorised, 1 level left

rFire  . . .     SeeInvis .       - Unarmed
rCold  . . .     Clarity  .     (armour unavailable)
rNeg   . . .     SustAb   +     (no shield)
rPois  .         Gourm    .     (helmet restricted)
rElec  .         Spirit   .     (no cloak)
rCorr  .         Warding  .     (no gloves)
rMut   .         Stasis   .     (no boots)
MR     .....                    (no amulet)
Stlth  +.........               (no ring)
                                n - ring of sustain abilities

@: mighty, lethally poisoned (0 -> -6), not resistant to hostile enchantments,
very unstealthy
A: unfitting armour, agile 1, blink 1, wild magic 1, cold-blooded, AC +5
a: Blink


You were on level 4 of the Dungeon.
You were hungry.

You visited 1 branch of the dungeon, and saw 4 of its levels.

You collected 140 gold pieces.

Inventory:

Missiles
 a - 36 arrows
 f - 11 arrows of frost
Jewellery
 n - a ring of sustain abilities (left hand)
Scrolls
 e - 2 scrolls of fog {unknown}
 g - 4 scrolls of identify {unknown}
 h - a scroll of enchant armour {unknown}
 i - 3 scrolls of teleportation {unknown}
 k - 2 scrolls of remove curse {unknown}
 m - a scroll of amnesia {unknown}
Potions
 o - a potion of flight {unknown}
Books
 b - a book of Changes

   Spells                             Type                      Level
   a - Beastly Appendage              Transmutation                1
   b - Sticks to Snakes               Transmutation                2
   c - Spider Form                    Transmutation/Poison         3
   d - Ice Form                       Ice/Transmutation            4
   e - Blade Hands                    Transmutation                5
Comestibles
 c - 2 bread rations
 d - 4 chunks of flesh
 p - a meat ration


   Skills:
 - Level 1.1 Fighting
 - Level 1.7 Dodging
 - Level 3.0 Unarmed Combat
 - Level 2.0 Spellcasting
 + Level 5.1 Transmutations


You had one spell level left.
You knew the following spells:

 Your Spells              Type           Power        Failure   Level  Hunger
a - Beastly Appendage     Trmt           ####..       7%          1    #......
b - Sticks to Snakes      Trmt           ####......   11%         2    ###....
c - Spider Form           Trmt/Pois      ##........   38%         3    ###....


Dungeon Overview and Level Annotations

Branches:
Dungeon (4/15)
 Temple: D:4-7

Altars:
Fedhas
Kikubaaqudgha
Qazlal
Sif Muna


Innate Abilities, Weirdness & Mutations

Your plain brown scales are hard (AC +5).
Your body does not fit into most forms of armour.
You are cold-blooded and may be slowed by cold attacks.
You are agile. (Dex +2)
You can translocate small distances at will.
Your spells are a little harder to cast, but a little more powerful.


Message History

You feel sick.
Your adder closely misses the scorpion.
Unknown command.
* * * LOW HITPOINT WARNING * * *
You feel sick.
Your adder bites the scorpion but does no damage.
Drink which item? (? for menu, Esc to quit)
It was a potion of mutation.
You feel extremely strange.
You feel agile.
You feel less in control of your magic.
You feel jittery.
* * * LOW HITPOINT WARNING * * *
You feel sick. The scorpion stings you.
* * * LOW HITPOINT WARNING * * *
Unknown command.
Drink which item? (? for menu, Esc to quit)
It was a potion of might.
You feel very mighty all of a sudden.
* * * LOW HITPOINT WARNING * * *
You feel sick.
Your adder bites the scorpion but does no damage.
The scorpion stings you.
You die...

#. ##...........
...#######...†...[..##
..................##.##
.........##.#...#†##.##
....####.##.##.##.##.##
#..#.#####.##.## #.
#....#####.##.##
#...####........#.##.##
#....@sS.........##.##
#..#######.###...# #
#.# ..# #.. ... ####


You could see a scorpion and a friendly adder.

Vanquished Creatures
  A scorpion (D:4)
  3 worms (D:2)
  2 giant geckos (D:1)
  An orc (D:4)
  A ball python (D:2)
  10 bats
  3 goblins
  6 hobgoblins
  3 jackals (D:3)
  2 quokkas
  4 giant newts
  7 kobolds
  7 rats
50 creatures vanquished.

Vanquished Creatures (collateral kills)
  Terence (D:3)
  A worker ant (D:4)
  2 adders
4 creatures vanquished.

Grand Total: 54 creatures vanquished

Notes
Turn   | Place    | Note
--------------------------------------------------------------
     0 | D:1      | sose, the Draconian Transmuter, began the quest for the Orb.
     0 | D:1      | Reached XP level 1. HP: 16/16 MP: 3/3
   119 | D:1      | Reached XP level 2. HP: 17/23 MP: 5/5
   945 | D:1      | Learned a level 2 spell: Sticks to Snakes
  1100 | D:2      | Reached XP level 3. HP: 24/28 MP: 4/6
  1295 | D:2      | Found a stormy altar of Qazlal.
  1296 | D:2      | Found a deep blue altar of Sif Muna.
  1446 | D:2      | Found an ancient bone altar of Kikubaaqudgha.
  1636 | D:2      | Reached skill level 4 in Transmutations
  1840 | D:2      | Found a blossoming altar of Fedhas.
  2027 | D:2      | Learned a level 3 spell: Spider Form
  2280 | D:3      | Noticed Terence
  2298 | D:3      | Killed Terence
  2298 | D:3      | Reached XP level 4. HP: 35/35 MP: 1/7
  2942 | D:4      | Reached skill level 5 in Transmutations
  3043 | D:4      | Gained mutation: You are agile. (Dex +2) [potion of mutation]
  3043 | D:4      | Gained mutation: Your spells are a little harder to cast, but a little more powerful. [potion of mutation]
  3043 | D:4      | Gained mutation: You can translocate small distances at will. [potion of mutation]
  3044 | D:4      | Slain by a scorpion

Action                   |  1- 3 |  4- 6 || total
-------------------------+-------+-------++-------
Melee: Unarmed           |   144 |    45 ||   189
 Cast: Beastly Appendage |    15 |     5 ||    20
       Sticks to Snakes  |     5 |    11 ||    16
  Use: Potion            |     2 |     2 ||     4
  Eat: Chunk             |     3 |       ||     3
       Bread ration      |     1 |       ||     1
